 Dungeon Crawl Stone Soup version 0.20.0-14-g326068f (webtiles) character file.

61399 grindst0ne the Tortoise (level 15, 0/101 HPs)
             Began as a Gargoyle Berserker on June 8, 2017.
             Was the Champion of Trog.
             Slain by a manticore (10 damage)
             ... summoned by an orange crystal statue
             ... on level 12 of the Dungeon.
             The game lasted 00:45:15 (18645 turns).

grindst0ne the Tortoise (Gargoyle Berserker)       Turns: 18645, Time: 00:45:16

Health: 0/101      AC: 35    Str: 26      XL:     15   Next: 2%
Magic:  9/21       EV: 11    Int:  1 (9)  God:    Trog [******]
Gold:   1586       SH:  0    Dex: 21      Spells: 14/14 levels left

rFire    + + +     SeeInvis .   j - +4 battleaxe (elec)
rCold    x . .     Gourm    .   (shield currently unavailable)
rNeg     + + .     Faith    .   X - +0 fire dragon scales
rPois    ∞         Spirit   .   h - +2 helmet
rElec    +         Reflect  .   w - +1 cloak {rF+}
rCorr    +         Harm     .   E - +1 pair of gloves
MR       +....                  C - +0 pair of boots
Stlth    ..........             L - amulet of regeneration
Regen    0.7/turn               n - ring of Toimesh {rCorr *Contam +Blink rN+ Dex+7}
MPRegen  0.2/turn               U - +5 ring of strength

@: about to teleport, berserk cooldown, slowed, studying Bows, very slow
A: big wings, negative energy resistance 1, electricity resistance, unbreathing,
petrification resistance, rot immunity, AC +11
a: Fly, Berserk, Trog's Hand, Brothers in Arms, Burn Spellbooks, Renounce
Religion, Evoke Blink


You were on level 12 of the Dungeon.
You worshipped Trog.
Trog was exalted by your worship.
You were hungry.

You visited 2 branches of the dungeon, and saw 18 of its levels.
You also visited: Ossuary and Volcano.

You collected 1586 gold pieces.

Inventory:

Hand Weapons
 j - a +4 battleaxe of electrocution (weapon)
Armour
 h - a +2 helmet (worn)
 w - a +1 cloak of fire resistance (worn)
 C - a +0 pair of boots (worn)
 E - a +1 pair of gloves (worn)
 X - +0 fire dragon scales (worn)
Jewellery
 n - the ring of Toimesh (left hand) {rCorr *Contam +Blink rN+ Dex+7}
   (You acquired it on level 9 of the Dungeon)

   [ring of resist corrosion]

   It affects your dexterity (+7).
   It protects you from negative energy.
   It lets you blink.
   It causes magical contamination when unequipped.
 L - an amulet of regeneration (around neck)
 U - a +5 ring of strength (right hand)
Wands
 e - a wand of iceblast (0/15)
 r - a wand of clouds (3/9)
 F - a wand of disintegration (8/24)
 J - a wand of polymorph (15/24)
 K - a wand of iceblast (0/15)
 M - a wand of confusion (16/48)
 S - a wand of disintegration (0/24)
Scrolls
 g - 13 scrolls of teleportation
 l - 3 scrolls of recharging
 m - 9 scrolls of remove curse
 p - a scroll of holy word
 t - 4 scrolls of fog
 y - 2 scrolls of summoning
 A - 2 scrolls of enchant weapon
 D - 4 scrolls of fear
 O - 2 scrolls of blinking
 W - a scroll of enchant armour
 Y - a scroll of noise {unknown}
Potions
 b - a potion of ambrosia {unknown}
 f - 4 potions of mutation
 k - 11 potions of curing
 o - 3 potions of lignification
 q - a potion of might {unknown}
 s - 2 potions of flight
 u - 3 potions of cancellation
 v - 3 potions of agility
 G - 7 potions of haste
 I - 6 potions of heal wounds
 N - 2 potions of resistance
 Q - 4 potions of berserk rage
Books
 B - a manual of Bows
Miscellaneous
 R - a phantom mirror
 V - a box of beasts
Comestibles
 c - 9 bread rations
 d - 20 royal jellies
 i - 8 meat rations
 P - 24 fruits


   Skills:
 - Level 14.4 Fighting
 + Level 12.5 Axes
 - Level 16.0 Armour
 - Level 1.5 Dodging
 - Level 9.0 Evocations


You had 14 spell levels left.
You didn't know any spells.

Dungeon Overview and Level Annotations

Branches:
Dungeon (12/15)            Temple (0/1) D:6            Lair (6/6) D:11
 Shoals (0/4) Lair:3       Spider (0/4) Lair:2        Slime (0/5) Lair:5
    Orc (0/2) D:9

Altars:
Ashenzari
Elyvilon
Gozag
Hepliaklqana
Kikubaaqudgha
Okawaru
Sif Muna
Vehumet
Yredelemnul
Zin
The Shining One

Shops:
D:8 [   D:12 }

Annotations:
D:12 exclusion: orange crystal statue


Innate Abilities, Weirdness & Mutations

You are resistant to torment.
Your stone body is resilient. (AC +11)
You are immune to poison.
Your large and strong wings let you fly indefinitely.
You resist negative energy. (rN+)
You are resistant to electric shocks. (rElec)
You can survive without breathing.
You are immune to petrification.
You are immune to rotting.


Message History

You closely miss the meliai. The meliai hits you but does no damage.
The meliai stings you but does no damage.
The meliai hits you but does no damage. The meliai closely misses you.
The meliai hits you but does no damage.
The meliai stings you but does no damage.
You completely miss the meliai. The meliai hits you but does no damage.
The meliai misses you. The meliai hits you but does no damage.
The meliai misses you. The manticore misses you.
The manticore claws you but does no damage. x2
The meliai barely misses you. The meliai completely misses you.
All of the chunks of flesh in your inventory have rotted away.
As you read the scroll of teleportation, it crumbles to dust.
You feel strangely unstable.
The meliai calls down the wrath of its god upon you.
Something smites you!
* * * LOW HITPOINT WARNING * * *
The meliai hits you but does no damage.
The meliai stings you but does no damage.
The manticore bites you!
You die...

........#.##.# #...........##.#
#..#..#......# #.###.##.......#
#..#.#.##.##.#####.....##########
....###.#.##.......#####
...#.#....###.######
...##.#######.####
...†#.#####......#
.........##.#.##.#
.........##.#.##@# .........##
#..Hy# .........##.####y#
#8#...>..##.####.#
..8#.....##......#
:).8...........#>##
8[$#.....#####....#
=..8.##..##y......#
..8#.....##y##....#


You could see a manticore, a hornet and a meliai.

Vanquished Creatures
  A fire dragon (Lair:6)
  Snorg (Lair:4)
  Fannar (Lair:1)
  4 hydras
  7 two-headed ogres
  A catoblepas (Lair:5)
  8 death yaks
  A hell hog (Volcano)
  An unseen horror (D:12)
  A fire crab (Volcano)
  2 lindwurms (Lair:6)
  A manticore (D:9)
  An oklob plant (D:8)
  4 black mambas
  2 molten gargoyles (Lair:6)
  A torpor snail (Lair:6)
  A gargoyle (D:11)
  A centaur skeleton (D:11)
  7 spiny frogs
  5 komodo dragons
  4 trolls
  A queen bee (Lair:4)
  3 meliai (Lair:4)
  5 polar bears
  21 blink frogs
  A jumping spider (Lair:2)
  A meliai zombie (D:11)
  20 dream sheep
  9 hippogriffs
  6 redbacks (Lair:2)
  A vampire (D:9)
  6 spriggans (Lair:1)
  A wraith (D:11)
  7 wyverns
  A human (D:7)
  10 fire bats (Volcano)
  2 vampire mosquitoes (D:9)
  4 hogs (D:7)
  38 yaks
  A hungry ghost (D:10)
  2 steam dragons
  5 basilisks
  Edmund (D:5)
  2 soldier ants (D:11)
  Duvessa (D:7)
  8 hell hounds
  7 water moccasins
  3 sky beasts
  8 porcupines
  3 orc warriors
  2 black bears
  2 necrophages (D:9)
  21 wolves (Lair:1)
  3 ogres
  4 centaurs
  12 crocodiles
  17 bullfrogs
  A wyvern zombie (D:11)
  A gnoll sergeant (D:12)
  Dowan (D:7)
  A wyvern skeleton (D:6)
  14 scorpions
  2 troll zombies (D:9)
  35 killer bees
  A troll skeleton (D:9)
  A howler monkey (D:8)
  5 lava snakes (Lair:6)
  3 crimson imps
  A bullfrog zombie (D:6)
  4 centaur zombies
  8 hounds
  8 jellies
  4 bullfrog skeletons
  6 orc priests
  4 human zombies (D:9)
  14 orc wizards
  5 iguanas
  8 worker ants
  A statue (D:4)
  A killer bee zombie (D:9)
  3 big kobold zombies (Ossuary)
  An ogre zombie (D:9)
  A hound zombie (D:5)
  A hound skeleton (D:9)
  5 mummies
  A worker ant zombie (D:9)
  Robin (D:2)
  17 gnolls
  2 howler monkey skeletons
  11 adders
  2 scorpion zombies (Ossuary)
  2 shadow imps
  5 oozes
  A worm (D:4)
  2 dart slugs
  5 leopard geckos
  30 orcs
  A ball python (D:6)
  4 bats
  4 giant cockroaches
  A gnoll zombie (Ossuary)
  14 goblins
  11 hobgoblins
  18 jackals
  11 kobolds
  7 frilled lizards
  2 goblin zombies (Ossuary)
  3 hobgoblin zombies (Ossuary)
  2 kobold zombies (Ossuary)
  A leopard gecko skeleton (D:5)
  A leopard gecko zombie (D:6)
  2 orc zombies (Ossuary)
  A quokka skeleton (D:5)
  A quokka zombie (D:5)
  4 rats
  A fungus (Lair:4)
  2 plants (D:8)
604 creatures vanquished.

Vanquished Creatures (others)
  A water moccasin (Lair:5)
  2 orc wizards (D:8)
  A plant (Lair:4)
4 creatures vanquished.

Grand Total: 608 creatures vanquished

Notes
Turn   | Place    | Note
-------+----------+-------------------------------------------
     0 | D:1      | grindst0ne the Gargoyle Berserker began the quest for the Orb.
     0 | D:1      | Reached XP level 1. HP: 14/14 MP: 1/1
    44 | D:1      | Found an iron altar of Okawaru.
   191 | D:1      | Reached XP level 2. HP: 15/19 MP: 2/2
   529 | D:1      | Reached XP level 3. HP: 24/24 MP: 3/3
   803 | D:1      | Reached ** piety under Trog
   986 | D:2      | Noticed Robin
  1010 | D:2      | HP: 1/24 [Robin/trident (5)]
  1011 | D:2      | Killed Robin
  1011 | D:2      | Reached XP level 4. HP: 1/30 MP: 4/4
  2649 | D:3      | Reached skill level 5 in Fighting
  2654 | D:3      | Reached XP level 5. HP: 34/35 MP: 5/5
  3110 | D:3      | Reached *** piety under Trog
  3546 | D:4      | Found a radiant altar of Vehumet.
  3546 | D:4      | Noticed a charred statue
  3561 | D:4      | Killed a charred statue
  3561 | D:4      | Reached XP level 6. HP: 37/41 MP: 6/6
  3966 | D:4      | Reached skill level 5 in Axes
  4153 | D:5      | Entered Level 5 of the Dungeon
  4244 | D:5      | Reached XP level 7. HP: 47/47 MP: 7/7
  4368 | D:5      | Found a sand-covered staircase.
  4378 | Ossuary  | Entered an ossuary
  4487 | Ossuary  | Reached **** piety under Trog
  4547 | Ossuary  | Reached XP level 8. HP: 54/54 MP: 8/8
  4844 | D:5      | Found an opulent altar of Gozag.
  4922 | D:5      | Noticed Edmund
  4940 | D:5      | Killed Edmund
  5123 | D:5      | Found a glowing silver altar of Zin.
  5493 | D:6      | Found a white marble altar of Elyvilon.
  5498 | D:6      | Found a glowing golden altar of the Shining One.
  5591 | D:6      | Found a glowing golden altar of the Shining One.
  5737 | D:6      | Reached XP level 9. HP: 61/61 MP: 9/9
  5807 | D:6      | Found a staircase to the Ecumenical Temple.
  6080 | D:7      | Noticed Duvessa
  6080 | D:7      | Noticed Dowan
  6086 | D:7      | Killed Duvessa
  6093 | D:7      | Killed Dowan
  6288 | D:7      | Reached skill level 10 in Fighting
  6483 | D:7      | You fall through a shaft for 3 floors!
  6483 | D:10     | Entered Level 10 of the Dungeon
  6548 | D:9      | Reached ***** piety under Trog
  6785 | D:9      | Found a staircase to the Orcish Mines.
  6915 | D:9      | Found a glowing silver altar of Zin.
  6987 | D:8      | Noticed a two-headed ogre
  6995 | D:8      | Killed a two-headed ogre
  6995 | D:8      | Reached XP level 10. HP: 70/70 MP: 10/10
  7093 | D:8      | Noticed an oklob plant
  7157 | D:8      | Found Isetiuc's Armour Shoppe.
  7199 | D:8      | You fall through a shaft!
  7279 | D:9      | Reached skill level 10 in Axes
  7434 | D:9      | Received a gift from Trog
  7545 | D:9      | Found an opulent altar of Gozag.
  7545 | D:9      | Found an ancient bone altar of Kikubaaqudgha.
  7547 | D:9      | Found a radiant altar of Vehumet.
  7547 | D:9      | Found a hazy altar of Hepliaklqana.
  7570 | D:9      | Identified the +2 arbalest of Putrescence {penet, *Slow +Inv Stlth+} (You found it on level 9 of the Dungeon)
  7632 | D:9      | Noticed a two-headed ogre
  7640 | D:9      | Killed a two-headed ogre
  7647 | D:9      | Reached XP level 11. HP: 76/76 MP: 11/11
  7678 | D:9      | Noticed a manticore
  7690 | D:9      | Noticed a five-headed hydra
  7690 | D:9      | Killed a manticore
  7811 | D:8      | Found a shattered altar of Ashenzari.
  8339 | D:8      | Noticed a two-headed ogre
  8347 | D:8      | Killed a two-headed ogre
  8425 | D:8      | Noticed a two-headed ogre
  8431 | D:8      | Killed a two-headed ogre
  8881 | D:8      | Found a deep blue altar of Sif Muna.
  8892 | D:8      | Killed an oklob plant
  9007 | D:9      | Identified a scroll of acquirement
  9033 | D:9      | Got a heavily runed silver ring
  9035 | D:9      | Identified the ring of Toimesh {rCorr *Contam +Blink rN+ Dex+7} (You acquired it on level 9 of the Dungeon)
  9207 | D:9      | Found a basalt altar of Yredelemnul.
  9567 | D:9      | Killed a five-headed hydra
  9884 | D:10     | Paralysed by fainting for 6 turns
  9912 | D:10     | Noticed a two-headed ogre
  9920 | D:10     | Killed a two-headed ogre
 10699 | D:11     | Reached XP level 12. HP: 86/86 MP: 12/12
 10766 | D:11     | Noticed a two-headed ogre
 10772 | D:11     | Killed a two-headed ogre
 10832 | D:11     | Noticed a two-headed ogre
 10837 | D:11     | Killed a two-headed ogre
 11261 | D:11     | Found a staircase to the Lair.
 11322 | D:11     | Received a gift from Trog
 11322 | D:11     | Reached skill level 5 in Evocations
 11790 | Lair:1   | Entered Level 1 of the Lair of Beasts
 11896 | Lair:1   | Noticed Fannar
 11941 | Lair:1   | Killed Fannar
 12374 | Lair:1   | Reached ****** piety under Trog
 12579 | Lair:1   | Reached skill level 3 in Armour
 12609 | Lair:1   | Reached XP level 13. HP: 89/91 MP: 19/19
 12623 | Lair:1   | Reached skill level 4 in Armour
 12689 | Lair:1   | Reached skill level 5 in Armour
 12972 | Lair:2   | Reached skill level 6 in Armour
 13015 | Lair:2   | Received a gift from Trog
 13064 | Lair:2   | Reached skill level 7 in Armour
 13298 | Lair:2   | Reached skill level 8 in Armour
 13325 | Lair:2   | Found a hole to the Spider Nest.
 13860 | Lair:3   | Reached skill level 9 in Armour
 13956 | Lair:3   | Found a staircase to the Shoals.
 14198 | Lair:3   | Reached skill level 10 in Armour
 15267 | Lair:4   | Reached skill level 11 in Armour
 15341 | Lair:4   | Reached skill level 12 in Armour
 15495 | Lair:4   | Noticed Snorg
 15520 | Lair:4   | Killed Snorg
 15520 | Lair:4   | Gained mutation: Your large and strong wings let you fly indefinitely. [Gargoyle growth]
 15520 | Lair:4   | Reached XP level 14. HP: 58/96 MP: 20/20
 15883 | Lair:5   | Found a staircase to the Slime Pits.
 16089 | Lair:5   | Reached skill level 13 in Armour
 16605 | Lair:6   | Entered Level 6 of the Lair of Beasts
 16715 | Lair:6   | Reached skill level 14 in Armour
 16939 | Lair:6   | Found a dark tunnel.
 16955 | Volcano  | Entered a volcano
 16986 | Volcano  | Received a gift from Trog
 17348 | Lair:6   | Reached skill level 15 in Armour
 17583 | Lair:6   | Found a large runed door.
 17792 | Lair:6   | Found a large runed door.
 18093 | Lair:6   | Reached skill level 16 in Armour
 18099 | Lair:6   | Received a gift from Trog
 18379 | D:12     | Found Forchyuz's Gadget Shoppe.
 18470 | D:12     | Reached XP level 15. HP: 101/101 MP: 13/21
 18645 | D:12     | Slain by a manticore

Skill      XL: |  1  2  3  4  5  6  7  8  9 10 11 12 13 14 |
---------------+-------------------------------------------+-----
Axes           | 3 4 5 6 7 9 10 12 | 12.5
Fighting       | 4 5 6 7 9 11 12 14 | 14.4
Evocations     | 9 |  9.0
Armour         | 3 12 16 | 16.0
Dodging        | |  1.5

Action                   |  1- 3 |  4- 6 |  7- 9 | 10-12 | 13-15 || total
-------------------------+-------+-------+-------+-------+-------++-------
Melee: Hand axe          |   106 |    76 |       |       |       ||   182
       War axe           |       |   149 |   301 |   742 |   522 ||  1714
       Battleaxe         |       |       |       |       |   178 ||   178
Invok: Berserk           |     1 |     3 |     9 |    23 |    15 ||    51
       Burn Spellbooks   |       |       |       |     4 |     1 ||     5
       Trog's Hand       |       |       |       |     1 |       ||     1
Evoke: Wand              |       |       |       |    16 |    23 ||    39
  Use: Scroll            |       |     8 |       |    20 |     7 ||    35
       Potion            |       |       |       |     1 |       ||     1
  Eat: Chunk             |       |    14 |    12 |    39 |    24 ||    89
       Bread ration      |       |       |     1 |     2 |     2 ||     5
Armor: Animal skin       |     8 |       |       |       |       ||     8
       Ring mail         |    29 |    44 |       |       |       ||    73
       Chain mail        |       |   140 |       |       |       ||   140
       Plate armour      |       |       |   297 |   732 |   618 ||  1647
       Fire dragon scale |       |       |       |       |   219 ||   219
Dodge: Dodged            |    54 |   120 |   114 |   272 |   452 ||  1012
